 Dungeon Sprint DCSS version 0.27-a0-249-g74f53ef629 (webtiles) character file.

Game seed: 14510796678995593459

22306 mhtbhm the Severer (level 12, -17/190 HPs)
             Began as a Minotaur Fighter on Feb 4, 2021.
             Was the Champion of Trog.
             Killed from afar by a Hell Sentinel (35 damage)
             ... with damnation
             ... in the Dungeon (Sprint VII: "The Pits").
             The game lasted 00:07:41 (4781 turns).

mhtbhm the Severer (Minotaur Fighter)               Turns: 4781, Time: 00:07:42

Health: -17/190    AC: 17    Str: 25    XL:     12   Next: 61%
Magic:  11/11      EV: 16    Int: 11    God:    Trog [******]
Gold:   49         SH: 15    Dex: 10    Spells: 11/11 levels left

rFire    . . .     SeeInvis .   a - +3 war axe (flame)
rCold    . . .     Faith    .   c - +0 kite shield
rNeg     . . .     Spirit   .   b - +3 chain mail of Aqafexug {rElec Int+6 Dex-4}
rPois    .         Reflect  .   (helmet restricted)
rElec    +         Harm     .   (no cloak)
rCorr    .         Rampage  .   (no gloves)
Will     .....     NoTele   +   (no boots)
Stlth    ..........             (no amulet)
HPRegen  0.41/turn              n - +3 ring of evasion
MPRegen  0.12/turn              o - +3 ring of dexterity

@: berserking, very quick
A: retaliatory headbutt, horns 2
a: Renounce Religion, Berserk, Trog's Hand, Brothers in Arms


You were in the Dungeon.
You worshipped Trog.
Trog was exalted by your worship.
You visited 1 branch You collected 49 gold pieces.

Inventory:

Hand Weapons
 a - a +3 war axe of flaming (weapon)
 q - the +11 morningstar of Calculation {freeze, +Inv rElec rN+ Int-2 Stlth+}
   (You found it in the Dungeon)

   It has been specially enchanted to freeze those struck by it, causing extra
   injury to most foes and up to half again as much damage against particularly
   susceptible opponents.
   It can also slow down cold-blooded creatures.
   It affects your intelligence (-2).
   It insulates you from electricity.
   It protects you from negative energy.
   It lets you turn invisible.
   It makes you more stealthy.
 r - a +1 sacred scourge of holy wrath
Missiles
 y - 2 curare-tipped darts (quivered)
Armour
 b - the +3 chain mail of Aqafexug (worn) {rElec Int+6 Dex-4}
   (You found it in the Dungeon)

   It affects your intelligence (+6).
   It affects your dexterity (-4).
   It insulates you from electricity.
 c - a +0 kite shield (worn)
Jewellery
 n - a +3 ring of evasion (left hand)
 o - a +3 ring of dexterity (right hand)
 v - an uncursed ring of see invisible
 w - an uncursed ring of willpower
Scrolls
 j - 2 scrolls of blinking
 l - 8 scrolls of remove curse
 m - a scroll of summoning
 s - a scroll of fog
 t - 2 scrolls of identify
 z - 2 scrolls of enchant weapon
 B - a scroll of fear
Potions
 d - 5 potions of might
 e - 5 potions of curing
 f - 8 potions of heal wounds
 g - 3 potions of haste
 h - 4 potions of magic
 i - 5 potions of berserk rage
 k - 2 potions of invisibility
 p - a potion of resistance
 A - 5 potions of mutation
Miscellaneous
 u - a lightning rod (4/4)
 x - a tin of tremorstones (2/2)


   Skills:
 + Level 17.8 Fighting
 + Level 20.2 Axes
 + Level 16.5 Armour
 + Level 10.6 Dodging
 + Level 1.9 Stealth
 + Level 17.9 Shields


You had 11 spell levels left.
You didn't know any spells.
Your spell library was empty.

Dungeon Overview and Level Annotations

Branches:
Dungeon (1/1)

Altars:
Cheibriados
Dithmenos
Elyvilon
Fedhas
Gozag
Hepliaklqana
Makhleb
Nemelex Xobeh
Okawaru
Qazlal
Ru
Sif Muna
Trog
Vehumet
Wu Jian
Xom
Yredelemnul
Zin
The Shining One
Beogh
Jiyva
Lugonu


Innate Abilities, Weirdness & Mutations

You reflexively headbutt those who attack you in melee.
You have a pair of horns on your head.


Message History

The Hell Sentinel is severely wounded.
The Hell Sentinel gestures at you.
The sphere of damnation explodes!
The damnation engulfs you!!
* * * LOW HITPOINT WARNING * * *
The damnation engulfs the Hell Sentinel.
The Hell Sentinel completely resists.
You slash the Hell Sentinel!
The Hell Sentinel is almost dead.
You completely miss the Hell Sentinel.
The Hell Sentinel is almost dead.
The Hell Sentinel barely misses you. You furiously retaliate!
You headbutt the Hell Sentinel. You block the Hell Sentinel's attack.
Unknown command.
You slash the Hell Sentinel!
The Hell Sentinel is almost dead.
You slash the Hell Sentinel!
The Hell Sentinel is almost dead.
The Hell Sentinel gestures at you.
The sphere of damnation explodes!
The damnation engulfs you!!
You die...

#+# #.# #1#
################@#
.................#
...............).#
+##############).#
#..# #..# #..#
#..# #..#


You could see a Hell Sentinel.

Vanquished Creatures
  An angel (D)
  A spriggan defender (D)
  A vampire knight (D)
  A great orb of eyes (D)
  A boulder beetle (D)
  A rakshasa (D)
  Erica (D)
  A vampire mage (D)
  A salamander mystic (D)
  A sixfirhy (D)
  A deep troll (D)
  3 bog bodies (D)
  2 spriggan druids (D)
  2 deep elf zephyrmancers (D)
  A phantasmal warrior (D)
  A wizard (D)
  2 orc knights (D)
  A wolf spider (D)
  An orc sorcerer (D)
  A manticore (D)
  A black mamba (D)
  2 naga magi (D)
  A smoke demon (D)
  A kobold demonologist (D)
  2 komodo dragons (D)
  2 hellwings (D)
  A guardian mummy (D)
  A polar bear (D)
  A hornet (D)
  A jumping spider (D)
  6 dream sheep (D)
  A redback (D)
  A steam dragon (D)
  4 nagas (D)
  A water moccasin (D)
  4 orc warriors (D)
  An eye of draining (D)
  A necrophage (D)
  2 wolves (D)
  2 big kobolds (D)
  A scorpion (D)
  A quasit (D)
  4 orc priests (D)
  2 jellies (D)
  3 iguanas (D)
  3 orc wizards (D)
  3 hell rats (D)
  A gnoll (D)
  3 river rats (D)
  2 white imps (D)
  An ooze (D)
  4 orcs (D)
  2 giant cockroaches (D)
  2 jackals (D)
  3 kobolds (D)
  2 ball pythons (D)
  A frilled lizard (D)
  A giant cockroach zombie (D)
100 creatures vanquished.

Vanquished Creatures (collateral kills)
  A green draconian (D)
  A minotaur (D)
  A naga sharpshooter (D)
  A wind drake (D)
  A chaos spawn (D)
5 creatures vanquished.

Grand Total: 105 creatures vanquished

Notes
Turn   | Place    | Note
-------+----------+-------------------------------------------
     0 | D        | mhtbhm the Minotaur Fighter began the quest for the Orb.
     0 | D        | Reached XP level 1. HP: 19/19 MP: 0/0
    21 | D        | Found a bloodstained altar of Trog.
    21 | D        | Found a shimmering blue altar of Sif Muna.
    21 | D        | Found a viscous altar of Jiyva.
    21 | D        | Found a hazy altar of Hepliaklqana.
    21 | D        | Found an opulent altar of Gozag.
    22 | D        | Found a glowing golden altar of the Shining One.
    22 | D        | Found a glowing silver altar of Zin.
    22 | D        | Found a basalt altar of Yredelemnul.
    22 | D        | Found a shimmering altar of Xom.
    22 | D        | Found an ornate altar of the Wu Jian Council.
    22 | D        | Found a sacrificial altar of Ru.
    22 | D        | Found a stormy altar of Qazlal.
    22 | D        | Found an iron altar of Okawaru.
    22 | D        | Found a sparkling altar of Nemelex Xobeh.
    22 | D        | Found a burning altar of Makhleb.
    22 | D        | Found a blossoming altar of Fedhas.
    22 | D        | Found a white marble altar of Elyvilon.
    22 | D        | Found a shadowy altar of Dithmenos.
    22 | D        | Found a snail-covered altar of Cheibriados.
    24 | D        | Found a radiant altar of Vehumet.
    24 | D        | Found a corrupted altar of Lugonu.
    24 | D        | Found a roughly hewn altar of Beogh.
    26 | D        | Became a worshipper of Trog the Wrathful
   171 | D        | Reached * piety under Trog
   176 | D        | Reached ** piety under Trog
   177 | D        | Reached skill level 5 in Shields
   177 | D        | Reached XP level 2. HP: 26/28 MP: 1/1
   213 | D        | Reached skill level 5 in Armour
   216 | D        | Reached skill level 5 in Fighting
   216 | D        | Reached skill level 3 in Axes
   216 | D        | Reached XP level 3. HP: 36/36 MP: 2/2
   217 | D        | Reached *** piety under Trog
   228 | D        | Reached skill level 1 in Dodging
   229 | D        | Reached **** piety under Trog
   230 | D        | Reached XP level 4. HP: 21/44 MP: 3/3
   405 | D        | Noticed a big kobold
   406 | D        | Noticed a big kobold
   412 | D        | Killed a big kobold
   413 | D        | Reached skill level 5 in Axes
   413 | D        | Reached XP level 5. HP: 52/52 MP: 4/4
   415 | D        | Reached ***** piety under Trog
   416 | D        | Reached skill level 6 in Axes
   418 | D        | Reached XP level 6. HP: 61/61 MP: 5/5
   510 | D        | Noticed a phantasmal warrior
   524 | D        | Killed a phantasmal warrior
   525 | D        | Reached skill level 8 in Axes
   525 | D        | Reached skill level 10 in Armour
   525 | D        | Reached skill level 5 in Dodging
   525 | D        | Reached skill level 10 in Shields
   525 | D        | Reached XP level 7. HP: 12/71 MP: 6/6
   823 | D        | Reached skill level 10 in Fighting
   829 | D        | Received a gift from Trog
   830 | D        | Reached skill level 9 in Axes
   862 | D        | Noticed a great orb of eyes
   873 | D        | Killed a great orb of eyes
   874 | D        | Reached skill level 11 in Axes
   874 | D        | Reached XP level 8. HP: 72/81 MP: 7/7
   878 | D        | Reached ****** piety under Trog
  1262 | D        | Noticed a hornet
  1262 | D        | Noticed a bog body
  1266 | D        | Killed a hornet
  1268 | D        | Killed a bog body
  1269 | D        | Reached skill level 12 in Axes
  1269 | D        | Reached XP level 9. HP: 89/89 MP: 8/8
  1423 | D        | Noticed a hellwing
  1423 | D        | Noticed a spriggan defender
  1431 | D        | Killed a hellwing
  1432 | D        | Reached skill level 13 in Axes
  1443 | D        | Killed a spriggan defender
  1715 | D        | Noticed a wolf spider
  1723 | D        | Reached skill level 14 in Axes
  1725 | D        | Killed a wolf spider
  1726 | D        | Reached XP level 10. HP: 51/99 MP: 9/9
  1924 | D        | Noticed a wizard
  1956 | D        | Killed a wizard
  1956 | D        | Received a gift from Trog
  2144 | D        | Noticed an orc knight
  2159 | D        | Killed an orc knight
  2160 | D        | Reached skill level 15 in Axes
  2506 | D        | Noticed a smoke demon
  2517 | D        | Killed a smoke demon
  2519 | D        | Received a gift from Trog
  2676 | D        | Noticed a bog body
  2682 | D        | Killed a bog body
  2683 | D        | Reached skill level 16 in Axes
  2706 | D        | Noticed Erica
  2718 | D        | Killed Erica
  2719 | D        | Reached XP level 11. HP: 109/110 MP: 3/10
  2723 | D        | Noticed a deep elf zephyrmancer
  2730 | D        | Received a gift from Trog
  2732 | D        | Killed a deep elf zephyrmancer
  2733 | D        | Reached skill level 17 in Axes
  3157 | D        | Noticed a spriggan druid
  3164 | D        | Killed a spriggan druid
  3165 | D        | Reached skill level 15 in Shields
  3166 | D        | Noticed a rakshasa
  3173 | D        | Killed a rakshasa
  3173 | D        | Received a gift from Trog
  3354 | D        | Noticed a sixfirhy
  3359 | D        | Killed a sixfirhy
  3527 | D        | Reached skill level 18 in Axes
  3529 | D        | Received a gift from Trog
  3532 | D        | Reached skill level 15 in Fighting
  3532 | D        | Reached skill level 15 in Armour
  3534 | D        | Reached skill level 10 in Dodging
  3691 | D        | Noticed a deep troll
  3691 | D        | Noticed a vampire knight
  3700 | D        | Killed a deep troll
  3704 | D        | Killed a vampire knight
  3704 | D        | Received a gift from Trog
  3705 | D        | Reached skill level 1 in Stealth
  3996 | D        | Noticed a spriggan druid
  3999 | D        | Noticed a vampire mage
  4009 | D        | Killed a spriggan druid
  4010 | D        | Reached skill level 19 in Axes
  4016 | D        | Killed a vampire mage
  4139 | D        | Noticed a boulder beetle
  4142 | D        | Noticed a bog body
  4142 | D        | Noticed a deep elf zephyrmancer
  4144 | D        | Received a gift from Trog
  4145 | D        | Noticed an orc knight
  4151 | D        | Noticed an orc sorcerer
  4151 | D        | Received a gift from Trog
  4152 | D        | Killed a deep elf zephyrmancer
  4153 | D        | Reached XP level 12. HP: 122/122 MP: 11/11
  4155 | D        | Received a gift from Trog
  4163 | D        | Killed a boulder beetle
  4169 | D        | Received a gift from Trog
  4230 | D        | Got a translucent executioner's axe {god gift}
  4441 | D        | Identified the +2 executioner's axe "Cumiorut" {vorpal,
                  | *Rage rC+ Int+3} (Trog gifted it to you in the Dungeon)
  4446 | D        | Noticed a green draconian
  4446 | D        | Noticed an angel
  4446 | D        | Noticed a minotaur
  4447 | D        | Identified the cursed +1 short sword of Ascent {vorpal,
                  | Str+4}
  4465 | D        | Received a gift from Trog
  4466 | D        | Killed an angel
  4467 | D        | Reached skill level 20 in Axes
  4476 | D        | Killed a minotaur
  4478 | D        | Killed a green draconian
  4479 | D        | Received a gift from Trog
  4486 | D        | Got the +11 morningstar of Calculation {freeze, +Inv rElec
                  | rN+ Int-2 Stlth+}
  4499 | D        | Got the +3 chain mail of Aqafexug {rElec Int+6 Dex-4}
  4761 | D        | Noticed a Hell Sentinel
  4781 | D        | Killed from afar by a Hell Sentinel

Illustrated notes

Levels and vault maps discovered:
D:        pitsprint [storerooms_1, entrance_room_1, metal_vault_5, armoury_1,
          mini_pit_1, grid_room_1, main_hall_1, silver_pit, the_coven_2,
          the_vestibule_1, steel_vault_3, golden_pit, hallway_of_sentries,
          crystal_vault_4, iron_vault_4, final_vault]

Skill      XL: |  1  2  3  4  5  6  7  8  9 10 11 12 |
---------------+-------------------------------------+-----
Shields        | 5 6 7 8 10 11 12 13 14 16 17 | 17.9
Fighting       | 4 5 6 7 8 9 10 11 12 14 16 17 | 17.8
Armour         | 4 5 6 7 8 10 11 13 14 15 16 | 16.5
Axes           | 3 5 6 8 11 12 14 16 19 20 | 20.2
Dodging        | 1 2 3 5 6 7 8 9 10 | 10.6
Stealth        | 1 |  1.9

Action                   |  1- 3 |  4- 6 |  7- 9 | 10-12 || total
-------------------------+-------+-------+-------+-------++-------
Melee: Hand axe          |    23 |    24 |    13 |       ||    60
       Headbutt          |     3 |     4 |     5 |    49 ||    61
       War axe           |     2 |       |       |   117 ||   119
       Broad axe         |       |       |    39 |    71 ||   110
Invok: Berserk           |     1 |     2 |     3 |     9 ||    15
       Brothers in Arms  |       |       |       |     1 ||     1
  Use: Potion            |     1 |     1 |       |     4 ||     6
       Scroll            |       |       |       |     1 ||     1
Armor: Scale mail        |     9 |       |       |       ||     9
       Ring mail         |       |     8 |     6 |       ||    14
       Chain mail        |       |       |     9 |    61 ||    70
Dodge: Dodged            |     7 |     7 |    16 |    90 ||   120
Block: Kite shield       |    16 |    15 |    41 |   130 ||   202

Table legend: (Time is in decaauts)
 A = Elapsed time spent in this place.
 B = Non-inter-level travel time spent in this place.
 C = Inter-level travel time spent in this place.
 D = Time resting spent in this place.
 E = Time spent auto-exploring this place.
 F = Levels seen in this place.
 G = Mean time per level.
                   A        B        C        D        E       F      G
               +--------+--------+--------+--------+--------+-----+--------+
         Total |   4878 |   4878 |      0 |   3538 |    123 |   1 | 4878.0 |
       Dungeon |   4878 |   4878 |      0 |   3538 |    123 |   1 | 4878.0 |
               +--------+--------+--------+--------+--------+-----+--------+

Top non-repeatable levels by time:
       D: 4878 daAuts
